 Dungeon Crawl Stone Soup version 0.17.1-3-g152610e (webtiles) character file.

7029 Heskey the Fighter (level 10, -11/97 HPs)
             Began as a Purple Draconian Gladiator on Apr 5, 2016.
             Was a High Priest of Okawaru.
             Mangled by a catoblepas (34 damage)
             ... on level 9 of the Dungeon.
             The game lasted 00:17:29 (10810 turns).

Heskey the Fighter (Purple Draconian Gladiator)    Turns: 10810, Time: 00:17:29

Health: -11/97     AC: 18    Str: 21    XL:     10   Next: 82%
Magic:  15/15      EV: 15    Int:  8    God:    Okawaru [*****.]
Gold:   439        SH:  0    Dex: 12    Spells: 0 memorised, 9 levels left

rFire  . . .     SeeInvis .     x - +3 quarterstaff (chaos)
rCold  . . .     Clarity  .     (armour unavailable)
rNeg   . . .     SustAt   +     (shield currently unavailable)
rPois  +         Gourm    .     b - +2 hat
rElec  .         Spirit   .     A - +2 cloak {rPois}
rCorr  .         Warding  .     q - +2 pair of gloves
rMut   .         Stasis   .     j - +2 pair of boots
MR     +....                    (no amulet)
Stlth  +.........               (no ring)
                                l - ring of sustain attributes

@: short of breath, somewhat resistant to hostile enchantments, very unstealthy
A: breathe power, unfitting armour, cold-blooded, AC +7
a: Breathe Dispelling Energy, Heroism, Finesse, Renounce Religion


You were on level 9 of the Dungeon.
You worshipped Okawaru.
Okawaru was extremely pleased with you.
You were hungry.

You visited 1 branch of the dungeon, and saw 9 of its levels.

You collected 439 gold pieces.

Inventory:

Hand Weapons
 x - a +3 quarterstaff of chaos (weapon)
Missiles
 c - 3 throwing nets (quivered)
 r - 5 poisoned tomahawks
Armour
 b - a +2 hat (worn)
 j - a +2 pair of boots (worn)
 q - a +2 pair of gloves (worn)
 A - a +2 cloak of poison resistance (worn)
Rods
 z - a +0 iron rod (11/11)
   (You found it on level 9 of the Dungeon)
Jewellery
 l - a ring of sustain attributes (left hand)
Wands
 n - a wand of cold (0)
 w - a wand of frost (10)
 C - a wand of slowing (25)
 F - a wand of paralysis (16)
 H - a wand of frost (23)
Scrolls
 e - 2 scrolls of random uselessness
 g - 7 scrolls of identify
 k - 4 scrolls of teleportation
 m - a scroll of remove curse
 y - a scroll of amnesia {unknown}
 E - a scroll of fog
 G - 2 scrolls of fear {unknown}
Potions
 i - 6 potions of curing
 o - 2 potions of brilliance
 p - a potion of lignification
 t - a potion of resistance
 v - a potion of berserk rage
 D - a potion of might {unknown}
Books
 s - a book of Spatial Translocations

   Spells                             Type                      Level
   a - Apportation                    Translocation                1
   b - Blink                          Translocation                2
   c - Shroud of Golubria             Charms/Translocation         2
   d - Portal Projectile              Translocation                3
   e - Teleport Other                 Translocation                3
   f - Passage of Golubria            Translocation                4
 B - a book of Flames

   Spells                             Type                      Level
   a - Flame Tongue                   Conjuration/Fire             1
   b - Throw Flame                    Conjuration/Fire             2
   c - Conjure Flame                  Conjuration/Fire             3
   d - Inner Flame                    Hexes/Fire                   3
   e - Sticky Flame                   Conjuration/Fire             4
   f - Fireball                       Conjuration/Fire             5
Comestibles
 a - a beef jerky
 d - 10 bread rations
 f - 4 slices of pizza
 h - 3 meat rations
 u - 7 royal jellies
 I - a chunk of flesh


   Skills:
 * Level 12.0 Fighting
 + Level 8.3 Staves
 - Level 1.7 Throwing
 + Level 7.4 Dodging
 + Level 6.9 Invocations


You had 9 spell levels left.
You didn't know any spells.

Dungeon Overview and Level Annotations

Branches:
Dungeon (9/15)             Temple (0/1) D:5            Lair (0/8) D:8
    Orc: D:9-12

Altars:
Ashenzari
Dithmenos
Gozag
Okawaru
Ru
Trog
Xom
Yredelemnul

Annotations:
D:9 2 runed doors


Innate Abilities, Weirdness & Mutations

You can breathe bolts of dispelling energy.
Your rich purple scales are hard (AC +7).
Your body does not fit into most forms of armour.
You are cold-blooded and may be slowed by cold attacks.


Message History

You are engulfed in calcifying dust.
The catoblepas breathes a plume of calcifying dust at you.
The blast of calcifying dust hits you!
You are engulfed in calcifying dust.
The catoblepas gores you!!
You are engulfed in calcifying dust.
The catoblepas gores you.
The catoblepas gores you but does no damage. x2
The catoblepas gores you!
The catoblepas breathes a plume of calcifying dust at you.
The blast of calcifying dust hits you!
You are engulfed in calcifying dust.
The catoblepas gores you!
You turn to flesh and can move again.
The catoblepas breathes in.
The catoblepas breathes a plume of calcifying dust at you.
The blast of calcifying dust hits you! The catoblepas gores you!!
* * * LOW HITPOINT WARNING * * *
You hit the catoblepas but do no damage.
The catoblepas is moderately wounded.
The catoblepas gores you!!
You die...

########################
#.......................
#....................###
#....................#
#.....Y§§§§§§........#
#.....§@............)#
#.....§..............###
#.....§.................
#.....§.................
#.###########..#########
# ##########...........
.....................
.....................
.....................


You could see a catoblepas.

Vanquished Creatures
  2 hill giants
  A cyclops (D:9)
  An octopode (D:8)
  The ghost of barb4r1an the Skirmisher, a novice GrBe of Trog (D:6)
  Grinder (D:5)
  A deep elf mage (D:9)
  A wyvern (D:8)
  2 yaks (D:8)
  A basilisk (D:8)
  Menkaure (D:6)
  2 orc warriors
  A black bear (D:9)
  An ice beast (D:5)
  A sky beast (D:9)
  A necrophage (D:6)
  2 ogres
  2 centaurs
  4 giant frogs
  2 scorpions
  20 killer bees
  2 crimson imps
  2 centaur zombies (D:8)
  3 quasits
  2 jellies
  6 giant frog skeletons
  Crazy Yiuf (D:4)
  7 hounds
  3 orc priests
  11 orc wizards
  A centaur skeleton (D:5)
  Natasha (twice) (D:3)
  8 worker ants
  3 iguanas
  A killer bee zombie (D:6)
  A hound zombie (D:6)
  5 gnolls
  Robin (D:2)
  10 adders
  5 shadow imps
  An ooze (D:5)
  3 adder zombies
  3 worms
  25 orcs
  6 ball pythons
  6 giant cockroaches
  2 gnoll zombies (D:7)
  20 goblins
  8 hobgoblins
  7 jackals
  5 quokkas
  10 bats
  A giant gecko skeleton (D:5)
  9 giant newts
  9 kobolds
  9 rats
246 creatures vanquished.

Vanquished Creatures (collateral kills)
  An orc (D:7)
1 creature vanquished.

Vanquished Creatures (others)
  5 sheep (D:3)
  A goblin (D:3)
6 creatures vanquished.

Grand Total: 253 creatures vanquished

Notes
Turn   | Place    | Note
--------------------------------------------------------------
     0 | D:1      | Heskey the Draconian Gladiator began the quest for the Orb.
     0 | D:1      | Reached XP level 1. HP: 17/17 MP: 1/1
   304 | D:1      | Reached XP level 2. HP: 11/25 MP: 2/2
   820 | D:1      | Found a shattered altar of Ashenzari.
  1215 | D:1      | Reached XP level 3. HP: 29/31 MP: 3/3
  1808 | D:2      | Reached XP level 4. HP: 40/40 MP: 4/4
  1854 | D:3      | Noticed Robin
  1874 | D:2      | Killed Robin
  1874 | D:2      | Reached skill level 4 in Fighting
  2307 | D:3      | Noticed Natasha
  2317 | D:3      | Killed Natasha
  2366 | D:3      | Reached XP level 5. HP: 25/47 MP: 5/5
  2562 | D:3      | Found a shadowy altar of Dithmenos.
  2662 | D:3      | Found an opulent altar of Gozag.
  2710 | D:3      | Found a shimmering altar of Xom.
  2832 | D:3      | Found an iron altar of Okawaru.
  3223 | D:3      | Became a worshipper of Warmaster Okawaru
  3442 | D:3      | Reached skill level 5 in Fighting
  3605 | D:3      | Noticed Natasha
  3610 | D:3      | Killed Natasha
  3697 | D:4      | Reached XP level 6. HP: 19/56 MP: 6/6
  4086 | D:4      | Noticed Crazy Yiuf
  4094 | D:4      | Killed Crazy Yiuf
  4318 | D:5      | Entered Level 5 of the Dungeon
  4345 | D:5      | Reached * piety under Okawaru
  4345 | D:5      | Reached skill level 6 in Fighting
  4625 | D:5      | Your scales start taking on a rich purple colour.
  4625 | D:5      | Reached XP level 7. HP: 63/63 MP: 7/7
  4923 | D:5      | Found a staircase to the Ecumenical Temple.
  5028 | D:5      | Found a bloodstained altar of Trog.
  5031 | D:5      | Noticed Grinder
  5032 | D:5      | Paralysed by Grinder for 4 turns
  5042 | D:5      | Paralysed by something for 2 turns
  5049 | D:5      | Paralysed by something for 2 turns
  5073 | D:5      | Killed Grinder
  5073 | D:5      | Reached skill level 7 in Fighting
  5073 | D:5      | Reached skill level 5 in Staves
  5073 | D:5      | Reached skill level 1 in Invocations
  5299 | D:6      | Reached XP level 8. HP: 73/73 MP: 9/9
  5424 | D:6      | Reached ** piety under Okawaru
  5465 | D:6      | Reached skill level 5 in Dodging
  5523 | D:6      | Noticed Menkaure
  5531 | D:6      | Killed Menkaure
  5534 | D:6      | Reached skill level 8 in Fighting
  5556 | D:6      | Noticed barb4r1an's ghost (novice GrBe)
  5572 | D:6      | Killed barb4r1an's ghost
  5572 | D:6      | Reached *** piety under Okawaru
  5661 | D:6      | Found an opulent altar of Gozag.
  5778 | D:6      | Reached skill level 9 in Fighting
  6167 | D:7      | Reached XP level 9. HP: 53/83 MP: 11/11
  6601 | D:7      | Found a basalt altar of Yredelemnul.
  7470 | D:8      | Reached skill level 5 in Invocations
  7485 | D:8      | Noticed a hill giant
  7496 | D:8      | Killed a hill giant
  7496 | D:8      | Reached **** piety under Okawaru
  7496 | D:8      | Reached skill level 10 in Fighting
  7615 | D:8      | Reached XP level 10. HP: 51/94 MP: 14/14
  7761 | D:8      | Found a staircase to the Lair.
  8934 | D:8      | Noticed an octopode
  8934 | D:8      | a queen bee changed into an octopode
  8944 | D:8      | Killed an octopode
  8944 | D:8      | Reached ***** piety under Okawaru
  8944 | D:8      | Reached skill level 11 in Fighting
  9933 | D:9      | Found a sacrificial altar of Ru.
 10504 | D:9      | Noticed a hill giant
 10511 | D:9      | Killed a hill giant
 10511 | D:9      | Received a gift from Okawaru
 10569 | D:9      | Found a large runed door.
 10574 | D:9      | Found a large runed door.
 10583 | D:9      | Noticed a cyclops
 10594 | D:9      | Killed a cyclops
 10594 | D:9      | Reached skill level 12 in Fighting
 10789 | D:9      | Noticed a catoblepas
 10810 | D:9      | Mangled by a catoblepas

Action                   |  1- 3 |  4- 6 |  7- 9 | 10-12 || total
-------------------------+-------+-------+-------+-------++-------
Melee: Quarterstaff      |   125 |   188 |   336 |   237 ||   886
Invok: Heroism           |       |       |     2 |     2 ||     4
 Abil: Breathe Dispellin |       |       |       |     2 ||     2
Evoke: Wand              |       |       |     1 |     5 ||     6
  Use: Scroll            |       |     7 |     3 |     3 ||    13
       Potion            |       |     5 |     3 |     2 ||    10
 Stab: Sleeping          |     1 |     1 |     1 |       ||     3
       Petrified         |       |       |     2 |       ||     2
       Paralysed         |       |       |     4 |     6 ||    10
       Petrifying        |       |       |     1 |       ||     1
  Eat: Chunk             |     3 |     6 |     9 |     6 ||    24
       Meat ration       |       |     1 |       |       ||     1
       Bread ration      |       |       |       |     1 ||     1
